 Dungeon Crawl Stone Soup version 0.30.0 (webtiles) character file.

Game seed: 16374217415521311309

2317 JimboTheJickle the Cudgeller (level 9, 0/71 (83) HPs)
             Began as a Troll Hedge Wizard on Nov 22, 2023.
             Slain by a wight
             ... wielding a +0 morningstar
              (10 damage)
             ... on level 9 of the Dungeon on Nov 23, 2023.
             The game lasted 00:27:26 (5213 turns).

JimboTheJickle the Cudgeller (Troll Hedge Wizard)   Turns: 5213, Time: 00:27:26

HP:   0/71 (83)     AC:  5    Str: 26    XL:     9   Next: 18%
MP:   11/11         EV: 10    Int: 12    God:
Gold: 417           SH:  0    Dex:  6    Spells: 11/12 levels left

rFire   . . .        v - +9 mace of the Enchanted Forest {spect, rN+ Dex-3 Stlth+}
rCold   . . .        (no shield)
rNeg    + . .        n - +1 robe of Igeckim {Str+4 Slay+5}
rPois   .            c - +0 hat
rElec   .            k - scarf {repulsion}
rCorr   .            (gloves unavailable)
SInv    .            (boots unavailable)
Will    .....        (no amulet)
Stlth   +++          (no ring)
HPRegen 1.11/turn    (no ring)
MPRegen 0.12/turn

%: repel missiles
@: heavily drained
A: large, unfitting armour, claws 3, regeneration 1, shaggy fur 1, tough skin 1
a: no special abilities


You were on level 9 of the Dungeon.
You visited 2 branches of the dungeon, and saw 9 of its levels.

You collected 417 gold pieces.

Inventory:

Hand Weapons
 a - a +0 dagger
 g - a +0 war axe
 r - a +0 whip {Stupid ugly whip}
 v - the +9 mace of the Enchanted Forest (weapon) {spect, rN+ Dex-3 Stlth+}
   (You found it on level 3 of the Dungeon)

   Dex:       It affects your dexterity (-3).
   rN:        It protects you from negative energy.
   Stlth:     It makes you more stealthy.
Missiles
 j - 80 stones
Armour
 b - a +0 robe
 c - a +0 hat (worn)
 k - a scarf of repulsion (worn)
 n - the +1 robe of Igeckim (worn) {Str+4 Slay+5}
   (You found it on level 2 of the Dungeon)

   Str:       It affects your strength (+4).
   Slay:      It affects your accuracy & damage with ranged weapons and melee
   (+5).
 s - a +0 scale mail
Jewellery
 z - a +6 ring of intelligence
 D - a ring of magical power
 H - a +6 ring of strength
Wands
 y - a wand of digging (4)
 E - a wand of flame (7)
Scrolls
 f - a scroll of vulnerability {unknown}
 i - 7 scrolls of identify {unknown}
 l - 4 scrolls of fear {unknown}
 o - a scroll of teleportation {unknown}
 p - 3 scrolls of poison {unknown}
 q - a scroll of butterflies {unknown}
 u - 4 scrolls of enchant weapon {unknown}
 w - a scroll of brand weapon {unknown}
 F - a scroll of magic mapping {unknown}
Potions
 d - 2 potions of magic
 e - 4 potions of attraction {unknown}
 h - a potion of ambrosia {unknown}
 m - a potion of degeneration {unknown}
 t - 3 potions of brilliance {unknown}
 x - 6 potions of curing {unknown}
 A - a potion of resistance {unknown}
 B - 5 potions of might {unknown}
 C - a potion of heal wounds {unknown}
 G - a potion of invisibility {unknown}


   Skills:
 + Level 3.5 Fighting
 + Level 6.8 Maces & Flails
 + Level 4.5 Dodging
 + Level 3.4 Stealth
 + Level 3.3 Unarmed Combat
 + Level 2.3 Spellcasting
 + Level 0.6 Conjurations
 + Level 0.6 Summonings
 + Level 0.6 Translocations


You had 11 spell levels left.
You knew the following spells:

 Your Spells              Type           Power      Damage    Failure   Level
a - Magic Dart            Conj           8%         1d3       21%         1

Your spell library contained the following spells:

 Spells                   Type           Power      Damage    Failure   Level
 Slow                     Hex            4%         N/A       26%         1
 Blink                    Tloc           4%         N/A       30%         2
 Call Imp                 Summ           4%         N/A       30%         2
 Cigotuvi's Dreadful Rot  Necr/Pois/Air  2%         N/A       36%         2
 Mephitic Cloud           Conj/Pois/Air  1%         N/A       58%         3
 Olgreb's Toxic Radiance  Pois           1%         N/A       95%         4
 Discord                  Hex            0%         N/A       100%        8
 Ignition                 Fire           0%         3d3       100%        8


Dungeon Overview and Level Annotations

Branches:
Dungeon (9/15)             Temple (1/1) D:5
   Lair: D:8-11         Orc: D:9-12

Altars:
Ashenzari
Cheibriados
Dithmenos
Fedhas
Gozag
Kikubaaqudgha
Makhleb
Nemelex Xobeh
Okawaru
Qazlal
Sif Muna
Trog
Uskayaw
Vehumet
Wu Jian
Xom
Yredelemnul
Zin
The Shining One

Shops:
D:3 (   D:9 ?

Annotations:
D:6 1 runed translucent door, Seline's ghost, novice GrBe


Innate Abilities, Weirdness & Mutations

You are too large for most types of armour.
You have claws for hands.
Your natural rate of healing is unusually fast.
You are covered in fur. (AC +1)
You have tough skin. (AC +1)


Message History

Found a ring mail.
A wight comes into view. It is wielding a +0 morningstar.
Found 4 stones.
You sock the fungus!
The fungus begins to die.
The fungus is lightly damaged.
Your +9 mace of the Enchanted Forest {spect, rN+ Dex-3 Stlth+} hits the fungus!
The wight hits you from afar with a +0 trident.
You thump the fungus!
The fungus is lightly damaged.
Your +9 mace of the Enchanted Forest {spect, rN+ Dex-3 Stlth+} hits the fungus!
The wight hits you from afar with a +0 trident.
You partially resist.
You feel drained.
You sock the fungus!
The fungus is moderately damaged.
Your +9 mace of the Enchanted Forest {spect, rN+ Dex-3 Stlth+} hits the fungus!
A nearby fungus withers and dies.
The wight hits you from afar with a +4 trident.
You partially resist.
You feel drained. The wight completely misses you.
You swap places.
Your +9 mace of the Enchanted Forest {spect, rN+ Dex-3 Stlth+} disappears.
The wight barely misses you.
The wight hits you from afar with a +0 trident!
Found a blossoming altar of Fedhas.
The wight hits you from afar with a +0 trident!
You partially resist.
You feel drained. The wight misses you. The wight barely misses you.
The wight hits you with a +0 morningstar!
The wight attacks as you move away!
The wight hits you with a +0 morningstar!
* * * LOW HITPOINT WARNING * * *
You partially resist.
You feel drained.
* * * LOW HITPOINT WARNING * * *
The wight attacks as you move away!
The wight hits you with a +0 morningstar.
* * * LOW HITPOINT WARNING * * *
Found a stone staircase leading up.
The wight hits you from afar with a +4 trident.
* * * LOW HITPOINT WARNING * * *
The wight hits you with a +0 morningstar!
You die...

#.........# #...
#...≈...#.# #...
#...≈...#.# #....
#...≈.....# #....
#..[≈.....#
##....##.....#####
.......zz.......
........z.._....
.......@........
##+#######...###
.≈.... .≈.###
.≈... ≈.... .<..


You could see 3 wights.

Vanquished Creatures
  Pikel (D:5)
  A wyvern (D:9)
  A shadow (D:9)
  An acid dragon (D:9)
  An ice beast (D:5)
  A black bear (D:5)
  An ogre (D:6)
  A kobold brigand (D:9)
  2 bullfrogs
  2 scorpions (D:6)
  7 wights
  2 orc priests (D:6)
  A hound (D:5)
  A jelly (D:6)
  A sleepcap (D:6)
  2 orc wizards
  4 iguanas
  4 gnolls (D:6)
  7 adders
  3 white imps
  4 worms
  2 dart slugs
  21 orcs
  6 bats
  4 endoplasms
  A giant cockroach (D:1)
  3 goblins
  4 hobgoblins
  2 jackals (D:4)
  5 quokkas
  3 ball pythons
  A frilled lizard (D:3)
  12 kobolds
  7 rats
119 creatures vanquished.

Vanquished Creatures (others)
  A fungus (D:9)
  A plant (D:3)
2 creatures vanquished.

Grand Total: 121 creatures vanquished

Notes
Turn   | Place    | Note
-------+----------+-------------------------------------------
     0 | D:1      | JimboTheJickle the Troll Hedge Wizard began the quest for
                  | the Orb.
     0 | D:1      | Reached XP level 1. HP: 16/16 MP: 2/2
    91 | D:1      | Reached XP level 2. HP: 24/24 MP: 4/4
   715 | D:2      | Identified the +1 robe of Igeckim {Str+4 Slay+5}
   780 | D:2      | Reached XP level 3. HP: 11/31 MP: 5/5
   790 | D:2      | Reached skill level 1 in Unarmed Combat
  1212 | D:3      | Identified the +9 mace of the Enchanted Forest {spect, rN+
                  | Dex-3 Stlth+}
  1323 | D:3      | Reached XP level 4. HP: 39/39 MP: 6/6
  1472 | D:3      | Found Miewn's Weapon Boutique.
  1948 | D:4      | Identified the +6 rapier "Raisin" {holy, rElec rC+++ rCorr
                  | Int-3}
  2190 | D:4      | Found a glowing silver altar of Zin.
  2245 | D:4      | Reached XP level 5. HP: 46/46 MP: 7/7
  2265 | D:5      | Entered Level 5 of the Dungeon
  2265 | D:5      | Noticed a lemure
  2265 | D:5      | Noticed a lemure
  2268 | D:5      | Noticed Pikel
  2270 | D:5      | Noticed a lemure
  2271 | D:5      | Noticed a lemure
  2297 | D:5      | Killed Pikel
  2298 | D:5      | Reached skill level 1 in Fighting
  2298 | D:5      | Reached skill level 2 in Maces & Flails
  2298 | D:5      | Reached XP level 6. HP: 32/57 MP: 8/8
  2298 | D:5      | Reached XP level 7. HP: 35/63 MP: 9/9
  2569 | D:5      | Reached skill level 3 in Maces & Flails
  2819 | D:5      | Reached skill level 4 in Maces & Flails
  3055 | D:5      | Found a staircase to the Ecumenical Temple.
  3156 | D:5      | Found a shimmering blue altar of Sif Muna.
  3463 | Temple   | Entered the Ecumenical Temple
  4374 | D:6      | Reached XP level 8. HP: 72/72 MP: 10/10
  4428 | D:6      | Reached skill level 5 in Maces & Flails
  4777 | D:6      | Found a runed translucent door.
  4778 | D:6      | Noticed Seline's ghost (novice GrBe)
  5016 | D:7      | You fall into a shaft and drop 2 floors!
  5053 | D:9      | Reached skill level 6 in Maces & Flails
  5065 | D:9      | Reached XP level 9. HP: 83/83 MP: 11/11
  5094 | D:9      | Found Quite's Magic Scroll Emporium.
  5204 | D:9      | Found a blossoming altar of Fedhas.
  5213 | D:9      | Slain by a wight

Illustrated notes

Levels and vault maps discovered:
D:1:      psy_arrival_basics, layout_rooms
D:2:      layout_basic, roderic_roman_lattice
D:3:      layout_loops_cross, serial_shops, shop, serial_bayou_pond_c
D:4:      layout_rooms, zin_academy
D:5:      layout_loops_corners, lemuel_blue_sif_altar, temple_doors_ab,
          nrook_mini_backslash, uniq_pikel
D:6:      layout_cave_pools, gammafunk_ghost_grave, kennysheep_decorative_pillar
D:7:      layout_rooms
D:9:      layout_stronghold, mainiacjoe_overflow_boulevard, serial_shops,
          kennysheep_mini
Temple:   eino_temple_scatter_basement

Skill      XL: |  1  2  3  4  5  6  7  8 |
---------------+-------------------------+-----
Dodging        | 2 3 4 |  4.5
Unarmed Combat | 1 2 3 |  3.3
Fighting       | 1 2 3 |  3.5
Maces & Flails | 2 4 6 |  6.8
Stealth        | 2 3 |  3.4
Spellcasting   | |  2.3
Conjurations   | |  0.6
Summonings     | |  0.6
Translocations | |  0.6

Action                     |  1- 3 |  4- 6 |  7- 9 || total
---------------------------+-------+-------+-------++-------
  Melee: Unarmed           |    78 |       |       ||    78
         Punch             |     2 |     3 |     2 ||     7
         Mace              |     2 |    45 |    96 ||   143
   Stab: Sleeping          |     1 |     4 |     1 ||     6
 Armour: Robe              |    39 |    15 |    21 ||    75
  Dodge: Dodged            |    57 |    16 |    67 ||   140
